[Event "ICC tourney 1987 (15 5)"]
[Site "Internet Chess Club"]
[Date "2020.08.30"]
[Round "1"]
[White "chesslin"]
[Black "Qigongmaster"]
[Result "0-1"]
[ICCResult "White resigns"]
[WhiteElo "1947"]
[BlackElo "2255"]
[Opening "Queen's Pawn"]
[ECO "A41"]
[NIC "QO.17"]
[Time "12:04:00"]
[TimeControl "900+5"]

1. d4 d6 2. Bf4 Nf6 3. Nc3 g6 4. e4 Bg7 5. Qd2 c6 6. h3 b5 7. Bd3 O-O 8. Nf3
b4 9. Ne2 a5 10. Ng3 Ba6 11. Bh6 Bxd3 12. cxd3 Nbd7 13. Qg5 e5 14. Nf5 Bxh6
15. Nxh6+ Kh8 16. h4 Nh5 17. dxe5 Qxg5 18. hxg5 dxe5 19. g3 Kg7 20. Ng4 f5
21. Ngxe5 fxe4 22. dxe4 Rae8 23. Nxd7 Rxe4+ 24. Kf1 Rxf3 25. Kg2 Rf7 26. Nc5
Re2 27. Nd3 c5 28. Rac1 c4 29. Rxc4 Rd2 30. Nf4 Nxf4+ 31. gxf4 Rxb2 32. Ra1
Rd7 33. a3 b3 34. Re1 Rb7 35. Re5 Ra2 36. a4 b2 37. Rb5 Rxb5 38. axb5 b1=Q
39. Rc7+ Kf8 40. Rc8+ Ke7 41. Rc7+ Kd6 42. Rc6+ Kd5 {White resigns} 0-1

[Event "ICC tourney 1987 (15 5)"]
[Site "Internet Chess Club"]
[Date "2020.08.30"]
[Round "1"]
[White "town"]
[Black "hackerguru"]
[Result "1-0"]
[ICCResult "Black resigns"]
[WhiteElo "2132"]
[BlackElo "1764"]
[Opening "Sicilian: Labourdonnais-Löwenthal (Kalashnikov) variation"]
[ECO "B32"]
[NIC "SI.32"]
[Time "12:03:56"]
[TimeControl "900+5"]

1. e4 c5 2. Nf3 Nc6 3. d4 cxd4 4. Nxd4 e5 5. Nb5 d6 6. N1c3 a6 7. Na3 Be7 8.
Nc4 b5 9. Ne3 Nf6 10. Ned5 Nxd5 11. Nxd5 Be6 12. Be3 O-O 13. Be2 Bg5 14. Bb6
Qd7 15. f3 Rab8 16. Bf2 Ne7 17. O-O f5 18. b3 f4 19. c4 Nxd5 20. cxd5 Bf7
21. Qd2 Bh6 22. Rfc1 Rfc8 23. a4 g5 24. h3 Bg7 25. axb5 axb5 26. Ra7 Rxc1+
27. Qxc1 Rb7 28. Ra8+ Bf8 29. Qc6 Kg7 30. Qxd7 Rxd7 31. Bxb5 Rb7 32. Ba4 Be7
33. Ra7 Rxa7 34. Bxa7 Kf8 35. b4 Be8 36. Bc6 Bd8 37. b5 Ke7 38. b6 Bd7 39.
b7 Bc7 40. b8=Q Bxb8 41. Bxb8 Bc8 42. Kf2 h5 43. Bb5 g4 44. hxg4 hxg4 45.
Be2 g3+ 46. Ke1 Bd7 47. Kd2 Bh3 48. gxh3 g2 49. Ba7 g1=Q 50. Bxg1 Kd7 51.
Kc3 Ke7 52. Kb4 Kd7 53. Kb5 Kc7 54. Ka6 Kd7 55. Kb6 {Black resigns} 1-0

[Event "ICC tourney 1987 (15 5)"]
[Site "Internet Chess Club"]
[Date "2020.08.30"]
[Round "1"]
[White "Aleksandrov73"]
[Black "Plato"]
[Result "1-0"]
[ICCResult "Black resigns"]
[WhiteElo "2709"]
[BlackElo "2099"]
[Opening "QGD: Charousek (Petrosian) variation"]
[ECO "D31"]
[NIC "QO.05"]
[Time "12:04:14"]
[TimeControl "900+5"]

1. d4 d5 2. c4 e6 3. Nc3 Be7 4. cxd5 exd5 5. Bf4 c6 6. Qc2 g6 7. e3 Bf5 8.
Qd2 Nf6 9. Nge2 O-O 10. Ng3 Be6 11. Bd3 Nbd7 12. O-O Nb6 13. Rad1 Nc8 14. f3
Bd6 15. Bg5 Be7 16. Kh1 Nd6 17. Bf4 a6 18. h3 Qd7 19. e4 Nb5 20. e5 Ne8 21.
Na4 Qc7 22. Bb1 Ng7 23. Nc5 b6 24. Nxe6 Nxe6 25. Bh6 Nbxd4 26. Bxf8 Bxf8 27.
f4 c5 28. f5 Qxe5 29. fxe6 Qxe6 30. Rde1 Qd6 31. Ne2 Bg7 32. Qf4 Qxf4 33.
Nxf4 Rd8 34. b3 Kf8 35. g4 Bh6 36. Kg2 Kg7 37. h4 Bxf4 38. Rxf4 Rd7 39. g5
Ne6 40. Rf6 b5 41. Rd1 c4 42. bxc4 bxc4 43. Rf2 d4 44. Rc2 Rc7 45. a3 d3 46.
Rcc1 Nd4 47. Bxd3 {Black resigns} 1-0

[Event "ICC tourney 1987 (15 5)"]
[Site "Internet Chess Club"]
[Date "2020.08.30"]
[Round "1"]
[White "tedchen"]
[Black "Zwish"]
[Result "1-0"]
[ICCResult "Black resigns"]
[WhiteElo "2299"]
[BlackElo "1947"]
[Opening "Benkö gambit: Zaitsev system"]
[ECO "A50"]
[NIC "BI.44"]
[Time "12:03:56"]
[TimeControl "900+5"]

1. d4 Nf6 2. c4 a6 3. Nc3 c5 4. d5 b5 5. cxb5 axb5 6. Nxb5 Qa5+ 7. Nc3 Bb7
8. Bd2 Qb6 9. e4 e6 10. Bg5 Be7 11. Nf3 Qxb2 12. Bd2 Qb6 13. Rb1 Qc7 14. d6
Bxd6 15. Nb5 Qc6 16. Nxd6+ Qxd6 17. Rxb7 Nxe4 18. Be2 Rxa2 19. Qb1 Rxd2 20.
Qxe4 Rd5 21. O-O O-O 22. Bc4 Rd1 23. Rxd1 Qxd1+ 24. Bf1 Nc6 25. g3 f5 26.
Qd3 Qxd3 27. Bxd3 d5 28. Rc7 Nb4 29. Bb5 c4 30. Ng5 Rb8 31. Bd7 Na6 32.
Bxe6+ Kh8 33. Ra7 Nc5 34. Bxd5 c3 35. Ra2 Nd3 36. Nf7+ Kg8 37. Ne5+ Kf8 38.
Nxd3 Rb1+ 39. Kg2 Rd1 40. Bc4 Rd2 41. Rxd2 cxd2 42. Bb3 {Black resigns} 1-0

[Event "ICC tourney 1987 (15 5)"]
[Site "Internet Chess Club"]
[Date "2020.08.30"]
[Round "1"]
[White "saiabhi29"]
[Black "TjkTiger"]
[Result "0-1"]
[ICCResult "White resigns"]
[WhiteElo "2058"]
[BlackElo "2585"]
[Opening "Queen's pawn: London system"]
[ECO "A45"]
[NIC "QP.07"]
[Time "12:03:59"]
[TimeControl "900+5"]

1. d4 Nf6 2. Bf4 c5 3. e3 g6 4. Nf3 Bg7 5. Nc3 O-O 6. Qd2 d5 7. O-O-O Qa5 8.
h4 Nc6 9. Ne5 Bf5 10. Kb1 Nb4 11. Bd3 Ne4 12. Bxe4 Bxe4 13. Nd3 Bxd3 14.
cxd3 e5 15. a3 exf4 16. axb4 Qxb4 17. Nxd5 Qxd2 18. Rxd2 fxe3 19. Nxe3 Bxd4
20. h5 Rfe8 21. Nc4 Rad8 22. hxg6 hxg6 23. Rh3 Kg7 24. Ne3 Rh8 25. Rg3 Rh5
26. Kc2 b5 27. Nd1 Rf5 28. Ne3 Rf4 29. b3 a5 30. Rf3 Rxf3 31. gxf3 Rd6 32.
Kd1 Re6 33. Ke2 f5 34. Kf1 Bxe3 35. fxe3 Rxe3 36. Kf2 f4 37. d4 cxd4 38.
Rxd4 Rxb3 39. Rxf4 a4 {White resigns} 0-1

[Event "ICC tourney 1987 (15 5)"]
[Site "Internet Chess Club"]
[Date "2020.08.30"]
[Round "1"]
[White "Mookmookarmy"]
[Black "sanjayrame"]
[Result "1-0"]
[ICCResult "Black forfeits on time"]
[WhiteElo "2241"]
[BlackElo "1915"]
[Opening "Caro-Kann: advance variation"]
[ECO "B12"]
[NIC "CK.04"]
[Time "12:03:57"]
[TimeControl "900+5"]

1. e4 c6 2. d4 d5 3. e5 Bf5 4. h4 h5 5. c4 e6 6. Nc3 Nd7 7. Qb3 b6 8. cxd5
exd5 9. Nf3 Ne7 10. Bg5 f6 11. exf6 gxf6 12. Be3 Bg6 13. O-O-O Nf5 14. Bd3
Ne7 15. Bxg6+ Nxg6 16. Qc2 Kf7 17. Qf5 Bh6 18. Bxh6 Rxh6 19. Ng5+ Kg8 20.
Qe6+ Kg7 21. Qf7+ Kh8 22. Ne6 Qe7 23. Qxe7 Nxe7 24. Ne2 Nf8 25. N2f4 Nxe6
26. Nxe6 Nf5 27. g3 Re8 28. Rhe1 Rh7 29. Nf4 Re4 30. Rxe4 dxe4 31. d5 c5 32.
d6 Nd4 33. Nxh5 Rxh5 34. Re1 f5 35. d7 {Black forfeits on time} 1-0

[Event "ICC tourney 1987 (15 5)"]
[Site "Internet Chess Club"]
[Date "2020.08.30"]
[Round "1"]
[White "InfernoKing"]
[Black "Aidenrchess"]
[Result "0-1"]
[ICCResult "White checkmated"]
[WhiteElo "2123"]
[BlackElo "2058"]
[Opening "French: Winawer, advance variation"]
[ECO "C18"]
[NIC "FR.11"]
[Time "12:04:22"]
[TimeControl "900+5"]

1. e4 e6 2. d4 d5 3. Nc3 Bb4 4. e5 c5 5. a3 Bxc3+ 6. bxc3 Nc6 7. Qg4 Nge7 8.
Qxg7 Rg8 9. Qxh7 cxd4 10. Ne2 dxc3 11. f4 Qb6 12. Qd3 d4 13. Ng3 Nd5 14. Ne4
Bd7 15. Nd6+ Ke7 16. g3 Rg7 17. Bg2 f6 18. Nc4 Qc5 19. Rb1 b5 20. Nd6 fxe5
21. Ne4 Qc4 22. Qxc4 bxc4 23. Nc5 Rb8 24. Rxb8 Nxb8 25. fxe5 Nc6 26. Bxd5
exd5 27. Bf4 Bf5 28. Kd1 d3 29. cxd3 cxd3 30. h3 Nd4 31. g4 Be4 32. Nxe4
dxe4 33. Be3 c2+ 34. Kd2 Nf3+ 35. Kc3 Ke6 36. Bf4 Rc7+ 37. Kb2 Rb7+ 38. Kc3
Rb1 39. Rc1 Ng1 40. Rxc2 dxc2 41. Kxc2 Rf1 42. Be3 a6 43. h4 Kxe5 44. a4 Nh3
45. h5 Rf3 46. Bb6 e3 47. Kd3 Nf4+ 48. Kc2 e2 49. Ba5 Rf1 50. Bd2 e1=Q 51.
Bxe1 Rxe1 52. h6 Rg1 53. h7 Ng6 54. a5 Rxg4 55. h8=Q+ Nxh8 56. Kc3 Ra4 57.
Kb3 Rxa5 58. Kb4 Rb5+ 59. Ka4 Kd4 60. Ka3 Kc3 61. Ka4 Nf7 62. Ka3 Ra5#
{White checkmated}
0-1

[Event "ICC tourney 1987 (15 5)"]
[Site "Internet Chess Club"]
[Date "2020.08.30"]
[Round "1"]
[White "LChessMaster"]
[Black "Joelpaulg"]
[Result "0-1"]
[ICCResult "White checkmated"]
[WhiteElo "1599"]
[BlackElo "2106"]
[Opening "King's Indian: London system"]
[ECO "A48"]
[NIC "QP.06"]
[Time "12:03:59"]
[TimeControl "900+5"]

1. d4 Nf6 2. Nf3 g6 3. Bf4 c5 4. c3 Qb6 5. Qc2 d6 6. Nbd2 Nd5 7. Bg3 cxd4 8.
cxd4 Bd7 9. a3 Nf6 10. Nc4 Qc6 11. Rc1 Bg7 12. e3 O-O 13. Be2 Rc8 14. Bd3
Bf5 15. Bxf5 gxf5 16. a4 Qa6 17. d5 Nxd5 18. Ng5 Nd7 19. O-O N5f6 20. Qb3
Nc5 21. Qc2 Nxa4 22. Qb3 Nc5 23. Qc2 Nfe4 24. Nxe4 Nxe4 25. Qd3 d5 26. Qxd5
Rc5 27. Qd3 Rac8 28. b4 Rxc4 29. Rxc4 Qxc4 30. Qd7 Nxg3 31. fxg3 Qe6 32.
Qxb7 Qxe3+ 33. Kh1 Rc1 34. Qa8+ Bf8 35. Qf3 Qxf3 36. Rxc1 Qe3 37. Rb1 e5 38.
b5 f4 39. gxf4 exf4 40. b6 axb6 41. Rg1 Bc5 42. Rf1 b5 43. h3 b4 44. h4 b3
45. h5 b2 46. h6 Qc1 47. Rxc1 bxc1=Q+ 48. Kh2 Qe1 49. g4 Qg3+ 50. Kh1 Qg1#
{White checkmated}
0-1

[Event "ICC tourney 1987 (15 5)"]
[Site "Internet Chess Club"]
[Date "2020.08.30"]
[Round "1"]
[White "rjc64uk"]
[Black "GGuseinov"]
[Result "0-1"]
[ICCResult "White resigns"]
[WhiteElo "2099"]
[BlackElo "2716"]
[Opening "Sicilian: closed, 6.Be3"]
[ECO "B26"]
[NIC "SI.45"]
[Time "12:04:28"]
[TimeControl "900+5"]

1. e4 c5 2. Nc3 g6 3. g3 Bg7 4. Bg2 Nc6 5. d3 d6 6. Be3 Nf6 7. Qd2 Ng4 8.
Bf4 e5 9. Bg5 f6 10. Be3 Be6 11. Nge2 Nxe3 12. fxe3 O-O 13. O-O f5 14. exf5
gxf5 15. e4 Kh8 16. Bh3 Qd7 17. exf5 Bxf5 18. Bg2 Bh3 19. Nd5 Bxg2 20. Kxg2
Ne7 21. Nxe7 Qxe7 22. Nc3 Qe6 23. Qe3 c4 24. dxc4 Qxc4 25. Rad1 Rxf1 26.
Rxf1 d5 27. Qd3 Qb4 28. Nxd5 Qxb2 29. a4 Rd8 30. Rf2 Qa2 31. c4 Qxa4 32. Qe4
Qd7 33. Qh4 Rc8 34. Ne7 Re8 35. Nd5 e4 36. Re2 Qf5 37. Rf2 Qe5 38. Re2 b5
39. Nf4 Qf5 40. cxb5 e3 41. h3 Qxb5 42. Qg4 a5 43. Nh5 Qc6+ 44. Kh2 Qg6 45.
Qh4 Qf5 46. Nxg7 Kxg7 47. Qd4+ Qe5 48. Qd7+ Re7 49. Qg4+ Kh8 50. Qc8+ Re8
51. Qc4 Rg8 52. Qh4 a4 53. Rxe3 Qb2+ 54. Kg1 Qc1+ 55. Kf2 Rf8+ 56. Ke2 Qc2+
57. Ke1 Qf2+ 58. Kd1 Qxe3 {White resigns} 0-1

[Event "ICC tourney 1987 (15 5)"]
[Site "Internet Chess Club"]
[Date "2020.08.30"]
[Round "1"]
[White "MrNormalName"]
[Black "gardemarin13"]
[Result "1-0"]
[ICCResult "Black resigns"]
[WhiteElo "2195"]
[BlackElo "1923"]
[Opening "Catalan opening"]
[ECO "E00"]
[NIC "CA.01"]
[Time "12:04:49"]
[TimeControl "900+5"]

1. d4 Nf6 2. c4 e6 3. g3 Bb4+ 4. Bd2 Qe7 5. Bg2 Nc6 6. Nf3 Bxd2+ 7. Nbxd2
O-O 8. O-O d6 9. e4 e5 10. d5 Nb8 11. Ne1 a5 12. Nd3 Na6 13. a3 Bd7 14. b4
c6 15. Qb3 cxd5 16. cxd5 Bb5 17. Nc4 Bxc4 18. Qxc4 Rfc8 19. Qb5 Qd7 20. Qxd7
Nxd7 21. Rfc1 axb4 22. axb4 Nb6 23. Bh3 Rc4 24. Rxc4 Nxc4 25. b5 Nc7 26. Rc1
Ra4 27. b6 {Black resigns} 1-0

[Event "ICC tourney 1987 (15 5)"]
[Site "Internet Chess Club"]
[Date "2020.08.30"]
[Round "1"]
[White "VincentT2008"]
[Black "rychessmaster1"]
[Result "0-1"]
[ICCResult "White resigns"]
[WhiteElo "1857"]
[BlackElo "2139"]
[Opening "Dutch with c4 & Nc3"]
[ECO "A85"]
[NIC "HD.05"]
[Time "12:04:02"]
[TimeControl "900+5"]

1. d4 f5 2. c4 Nf6 3. Nc3 e6 4. g3 d5 5. Bg2 c6 6. Nf3 Bd6 7. O-O O-O 8. b3
Ne4 9. Bb2 Nd7 10. Nd2 Qg5 11. e3 Ndf6 12. Qe2 Bd7 13. Ndxe4 fxe4 14. Qc2
Ng4 15. Ne2 Rf6 16. Nf4 Raf8 17. h3 Nh6 18. h4 Qf5 19. Bh3 Ng4 20. Qe2 h5
21. Nxh5 Qxh5 22. Qxg4 Qf7 23. cxd5 cxd5 24. Qe2 a6 25. a4 b5 26. Bc3 Qe7
27. Rfc1 Rxf2 28. Qxf2 Rxf2 29. Kxf2 Qf6+ 30. Kg1 Qf3 31. Be1 Bxg3 32. Bg2
Qxe3+ 33. Kh1 Bxe1 34. Rxe1 Qxd4 35. axb5 Bxb5 36. Rac1 Qf2 37. Rg1 Qxh4+
{White resigns}
0-1

[Event "ICC tourney 1987 (15 5)"]
[Site "Internet Chess Club"]
[Date "2020.08.30"]
[Round "1"]
[White "Averyyu321"]
[Black "Slypawn"]
[Result "1-0"]
[ICCResult "Black forfeits on time"]
[WhiteElo "1809"]
[BlackElo "2113"]
[Opening "Sicilian: Prins (Moscow) variation"]
[ECO "B55"]
[NIC "SI.01"]
[Time "12:04:15"]
[TimeControl "900+5"]

1. e4 c5 2. Nf3 d6 3. d4 cxd4 4. Nxd4 Nf6 5. f3 a6 6. c4 g6 7. Nc3 Bg7 8.
Be3 O-O 9. Be2 Nc6 10. Qd2 Qc7 11. O-O Bd7 12. Rac1 e6 13. Rfd1 Rfd8 14. b3
Qa5 15. Kh1 Be8 16. Nc2 Rd7 17. Na4 Qxd2 18. Rxd2 Rdd8 19. Rcd1 Bf8 20. Bg5
Kg7 21. Nb6 Rab8 22. Nd4 h6 23. Be3 Ne5 24. h3 Ned7 25. Nxd7 Rxd7 26. Nc2 b5
27. Bd4 e5 28. Be3 Nh5 29. Kh2 f5 30. cxb5 axb5 31. Nb4 Rdd8 32. Rd5 Nf6 33.
R5d3 fxe4 34. fxe4 Nxe4 35. Bf3 Nf6 36. R3d2 Rbc8 37. Bb6 Rd7 38. Be2 Rb7
39. Be3 Ne4 40. Bf3 Nxd2 41. Bxb7 Rc7 42. Bd5 {Black forfeits on time} 1-0

[Event "ICC tourney 1987 (15 5)"]
[Site "Internet Chess Club"]
[Date "2020.08.30"]
[Round "1"]
[White "BreatheChessAls"]
[Black "jy2020"]
[Result "1-0"]
[ICCResult "Black checkmated"]
[WhiteElo "1968"]
[BlackElo "2215"]
[Opening "Queen's pawn: London system"]
[ECO "A45"]
[NIC "QP.07"]
[Time "12:04:02"]
[TimeControl "900+5"]

1. d4 Nf6 2. Bf4 d5 3. e3 e6 4. Nd2 Bd6 5. Bg3 O-O 6. c3 c5 7. Ngf3 b6 8.
Bd3 Bb7 9. O-O Nc6 10. Ne5 Ne7 11. f4 Nf5 12. Bxf5 exf5 13. Re1 Ne4 14. Nxe4
fxe4 15. a3 f6 16. Ng4 c4 17. Nf2 Bc6 18. b3 cxb3 19. Qxb3 b5 20. Nxe4 f5
21. Nxd6 Qxd6 22. Qb4 Qe6 23. Qb2 a6 24. Qd2 Rac8 25. Rac1 Be8 26. Rb1 Rc4
27. Rb4 Rc7 28. Rc1 a5 29. Rbb1 Rc4 30. Bf2 Bd7 31. Qe2 Qe7 32. Qf3 Bc6 33.
Ra1 Ra4 34. Qe2 Rxa3 35. Qb2 Rxa1 36. Rxa1 Ra8 37. Qa3 b4 38. cxb4 axb4 39.
Qb2 Rb8 40. Qb3 Qb7 41. Rb1 Qb5 42. Be1 Qe2 43. Bxb4 Ra8 44. Re1 Qb5 45. Qc3
Rb8 46. Bd6 Rb7 47. Rc1 Bd7 48. Be5 Qe2 49. Re1 Qb5 50. Rc1 h6 51. Qc5 Qb3
52. Qc3 Qa2 53. Ra1 Qe2 54. Re1 Qb5 55. Rc1 Ra7 56. Qc5 Qb3 57. Qc3 Qa2 58.
Qc5 Rb7 59. Qe7 Bc6 60. Qe6+ Kh7 61. Qxf5+ g6 62. Qf6 Kg8 63. Qxc6 Qd2 64.
Qc8+ Kf7 65. Qxb7+ Ke6 66. Qc8+ Kf7 67. Rc7# {Black checkmated} 1-0

[Event "ICC tourney 1987 (15 5)"]
[Site "Internet Chess Club"]
[Date "2020.08.30"]
[Round "1"]
[White "espark"]
[Black "IndianTerritory"]
[Result "1-0"]
[ICCResult "Black forfeits on time"]
[WhiteElo "2310"]
[BlackElo "1995"]
[Opening "Caro-Kann: Steinitz variation"]
[ECO "B17"]
[NIC "CK.05"]
[Time "12:04:01"]
[TimeControl "900+5"]

1. e4 c6 2. d4 d5 3. Nc3 dxe4 4. Nxe4 Nd7 5. Bd3 Ngf6 6. Ng5 e6 7. N1f3 Bd6
8. Qe2 h6 9. Nxe6 fxe6 10. Bg6+ Kf8 11. O-O Nd5 12. Ne5 Qf6 13. f4 Ne7 14.
Be4 Ke8 15. b3 Nf5 16. Bb2 h5 17. c4 h4 18. a3 Kf8 19. b4 Qh6 20. Qf3 Nf6
21. Bc2 Qh5 22. Qf2 Ng4 23. Qd2 Nge3 24. Rfe1 Bxe5 25. dxe5 Nxc4 26. Qd8+
Qe8 27. Qd3 Nxb2 28. Qc3 Qd8 29. Re4 Qb6+ 30. Kf1 Ng3+ 31. hxg3 hxg3 32.
Qxg3 Rh1+ 33. Ke2 Rxa1 34. Qh4 Qa6+ 35. Kf2 Qb6+ 36. Ke2 Qa6+ 37. Kf2 Qf1+
38. Kg3 Rxa3+ 39. Kh2 Qc1 40. Qh8+ Kf7 41. Qh5+ Ke7 42. Qg5+ Kf8 43. Rd4
Qxc2 44. Rd8+ Kf7 45. Qh5+ Qg6 46. Rf8+ Kxf8 47. Qxg6 Nd3 48. Qg5 Nxb4 49.
Qd8+ Kf7 50. Qd6 a5 51. Qc7+ Kg6 52. Qe7 Ra2 53. Qe8+ Kf5 54. Qf7+ Ke4 55.
Qxg7 Nd5 56. Qg6+ Kxf4 57. Qg3+ Ke4 58. Qf3+ Kxe5 59. Qg3+ Nf4 60. Qg7+ Ke4
61. Qh7+ Kd4 62. Qg7+ e5 63. Kh1 {Black forfeits on time} 1-0

[Event "ICC tourney 1987 (15 5)"]
[Site "Internet Chess Club"]
[Date "2020.08.30"]
[Round "1"]
[White "marble"]
[Black "cooljay"]
[Result "1-0"]
[ICCResult "Black resigns"]
[WhiteElo "2499"]
[BlackElo "2059"]
[Opening "Ruy Lopez: closed, anti-Marshall 8.a4"]
[ECO "C88"]
[NIC "RL.18"]
[Time "12:06:49"]
[TimeControl "900+5"]

1. e4 e5 2. Nf3 Nc6 3. Bb5 a6 4. Ba4 Nf6 5. O-O Be7 6. Re1 b5 7. Bb3 O-O 8.
a4 Bb7 9. d3 Bc5 10. c3 d6 11. Bg5 h6 12. Bh4 g5 13. Bg3 Ne7 14. d4 exd4 15.
cxd4 Bb4 16. Nbd2 d5 17. e5 Ne4 18. Bc2 Nf5 19. Nxe4 dxe4 20. Rxe4 Nxg3 21.
hxg3 Bxe4 22. Bxe4 Rb8 23. axb5 axb5 24. Ra6 Rb6 25. Rxb6 cxb6 26. Qb3 Qe7
27. Bc2 Rd8 28. Qd3 Kf8 29. d5 f6 30. d6 Bxd6 31. exd6 Rxd6 32. Qf5 Qc7 33.
Qg6 Qg7 34. Qe4 Qe7 35. Qg4 Qd7 36. Bf5 Rd1+ 37. Kh2 Qf7 38. Qb4+ Kg7 39. g4
h5 40. g3 hxg4 41. Qxg4 Rd8 42. Kg2 Rh8 43. Bd3 Qd5 44. Qe4 Qxe4 45. Bxe4
Rd8 46. Kf1 Kf7 47. Ke2 Ke6 48. Ke3 b4 49. Nd4+ Kd6 50. Bc2 Rc8 51. Bb3 Re8+
52. Kd3 Kc5 53. Ne6+ Kd6 54. Ng7 Rd8 55. Ke4 Rd7 56. Nf5+ Kc5 57. Ke3 b5 58.
g4 Rd8 59. Ng3 Re8+ 60. Ne4+ Kc6 61. f3 Rf8 62. Be6 Re8 63. Bf5 Kd5 64. Bd7
Re7 65. Bxb5 Re5 66. Bd3 f5 67. gxf5 Rxf5 68. Nc3+ bxc3 69. Bxf5 cxb2 70.
Bb1 Ke5 71. Ba2 Kf6 72. Ke4 Kg6 73. Ke3 Kf5 74. Bb1+ Ke5 75. Be4 Kf6 76. Kd4
Ke6 77. Ke3 Ke5 78. Bc2 Kd5 79. Kf2 Ke5 80. Kg3 Kf6 81. Kg4 Ke5 82. Kxg5 Ke6
83. f4 Kf7 {Black resigns} 1-0

[Event "ICC tourney 1987 (15 5)"]
[Site "Internet Chess Club"]
[Date "2020.08.30"]
[Round "1"]
[White "musk6868"]
[Black "funplaychess"]
[Result "1/2-1/2"]
[ICCResult "Game drawn by mutual agreement"]
[WhiteElo "2036"]
[BlackElo "2357"]
[Opening "Sicilian: Najdorf, Adams attack"]
[ECO "B90"]
[NIC "SI.14"]
[Time "12:03:59"]
[TimeControl "900+5"]

1. e4 c5 2. Nf3 d6 3. d4 cxd4 4. Nxd4 Nf6 5. Nc3 a6 6. h3 e6 7. g4 h6 8. Bg2
Be7 9. O-O O-O 10. Be3 Nc6 11. a4 Nd7 12. f4 Nxd4 13. Bxd4 e5 14. Be3 exf4
15. Bxf4 Ne5 16. Nd5 Be6 17. b3 Bxd5 18. Qxd5 Qc7 19. Rf2 Bg5 20. Bxg5 hxg5
21. Rd1 Rfd8 22. Kh1 Qc5 23. Qxc5 dxc5 24. Rfd2 Rxd2 25. Rxd2 f6 26. Rd5 Rc8
27. c3 Kf7 28. Kg1 Ke7 29. Kf2 Rd8 30. Ke3 b6 31. Bf1 a5 32. Be2 Rh8 33. Bf1
Ng6 34. Kf3 Nf4 35. Rd2 Nxh3 36. b4 Nf4 37. bxa5 bxa5 38. Rb2 Rh1 39. Rb7+
Kd6 40. Bb5 Rh3+ 41. Kf2 Rxc3 42. Rxg7 c4 43. Ra7 Rc2+ 44. Ke3 c3 45. Rxa5
Rg2 46. Ra6+ Ke5 47. Rc6 Rg3+ 48. Kf2 Rxg4 49. Rxc3 Kxe4 50. Ra3 Rg2+ 51.
Kf1 Rb2 52. Bc6+ Kd4 53. a5 Rb1+ 54. Kf2 Nd3+ 55. Ke2 Rb2+ 56. Kf1 Rc2 57.
Bg2 Rc1+ 58. Ke2 Nf4+ 59. Kf3 Nxg2 60. Kxg2 Rc2+ 61. Kf3 Rc7 62. Kg4 Ke4 63.
Ra4+ Ke5 64. a6 Ra7 65. Ra5+ Ke6 66. Kh5 Kf7 67. Kg4 Kg6 68. Ra4 f5+ 69. Kg3
Kh5 70. Ra5 f4+ 71. Kh3 Kg6 72. Kg4 Kh6 73. Ra2 Kg6 74. Ra5 Kf6 75. Rf5+ Ke6
76. Kxg5 Kd6 77. Kxf4 Kc6 78. Ra5 Kb6 79. Ra1 Rf7+ 80. Ke5 Ka7 81. Ke6 Rf3
82. Kd6 Rd3+ 83. Ke6 Re3+ 84. Kd6 Re8 85. Kd7 Rb8 86. Kc7 Rb5 87. Kc6 Rb2
88. Kc7 Rc2+ 89. Kd6 {Game drawn by mutual agreement} 1/2-1/2

[Event "ICC tourney 1987 (15 5)"]
[Site "Internet Chess Club"]
[Date "2020.08.30"]
[Round "1"]
[White "Monkeybomb3605"]
[Black "MasterZachary"]
[Result "1/2-1/2"]
[ICCResult "Game drawn by the 50 move rule"]
[WhiteElo "1991"]
[BlackElo "2291"]
[Opening "Ruy Lopez: modern Steinitz defense"]
[ECO "C74"]
[NIC "RL.11"]
[Time "12:03:53"]
[TimeControl "900+5"]

1. e4 e5 2. Nf3 Nc6 3. Bb5 a6 4. Ba4 d6 5. c3 Nf6 6. d3 Be7 7. O-O O-O 8.
Re1 b5 9. Bc2 Bb7 10. Bg5 h6 11. Bh4 Nh5 12. Bg3 Nxg3 13. hxg3 d5 14. Nbd2
Bc5 15. a4 b4 16. Qe2 Re8 17. Rad1 Qd6 18. exd5 Qxd5 19. Bb3 Qd7 20. Ne4 Bf8
21. Nh4 Na5 22. Bc2 b3 23. Bb1 Qxa4 24. Qg4 Qc6 25. d4 exd4 26. Qf5 g6 27.
Qxa5 f5 28. Nd2 Bg7 29. Qb4 dxc3 30. Qxb3+ Kh7 31. bxc3 a5 32. g4 a4 33. Qc2
Qxc3 34. gxf5 Qxc2 35. Bxc2 gxf5 36. Bxf5+ Kg8 37. Rxe8+ Rxe8 38. Bd7 Ra8
39. Nf5 Bc3 40. Nc4 a3 41. Be6+ Kh7 42. Rd7+ Kg6 43. Nxa3 Rxa3 44. Rd1 Kf6
45. Bd7 h5 46. Ne3 Kf7 47. Bf5 Kf6 48. Bd3 c5 49. Bc4 Bd4 50. Nc2 Rc3 51.
Bd3 Be5 52. Ne3 Ra3 53. Nc4 Ra1 54. Rxa1 Bxa1 55. Kf1 Bd4 56. g3 Bd5 57. Ke2
Be6 58. f3 Kg5 59. Ne3 Kf6 60. Nc4 Bd7 61. Nd2 Bc6 62. Ne4+ Ke5 63. Nd2 Bd5
64. Nc4+ Kf6 65. Ne3 Bf7 66. Nc4 Ke7 67. Ne3 Kd7 68. Ng2 c4 69. Bc2 c3 70.
g4 Bc4+ 71. Kd1 hxg4 72. fxg4 Kd6 73. Nf4 Kc5 74. Ne2 Be5 75. Nxc3 Bxc3 76.
g5 Kd6 77. g6 Ke5 78. Bb1 Kf4 79. Kc2 Bd4 80. Kd2 Be6 81. Kd3 Bg7 82. Ke2
Bg4+ 83. Kd2 Bf8 84. Bd3 Bg7 85. Kc2 Ke3 86. Bb5 Bf5+ 87. Kb3 Bxg6 88. Kc4
Bf7+ 89. Kc5 Bd4+ 90. Kd6 Ke4 91. Bc6+ Kf5 92. Bd5 Be5+ 93. Kc5 Be8 94. Kc4
Bf6 95. Kc5 Ke5 96. Bg2 Be7+ 97. Kc4 Bf7+ 98. Kd3 Ba2 99. Bb7 Kd6 100. Bg2
Bf6 101. Bf3 Kc5 102. Bg4 Bb1+ 103. Ke3 Bg5+ 104. Kf3 Kd4 105. Bd7 Ke5 106.
Kg4 Bd2 107. Kf3 Be4+ 108. Ke2 Bg5 109. Bc8 Kd4 110. Kf2 Bh4+ 111. Ke2 Bg3
112. Ba6 Bf4 113. Kf2 Ke5 114. Ke2 Bg6 115. Bb7 Bf5 116. Kf3 Bh3 117. Ke2
Bg4+ 118. Kd3 Bd7 119. Kc4 Bh3 120. Bf3 Bf1+ 121. Kc5 Ba6 122. Bc6 Be3+ 123.
Kb4 Kd4 124. Kb3 Bc4+ 125. Kc2 Bd3+ 126. Kb3 Bd2 127. Be8 Bf5 128. Bf7 Be4
129. Bg8 Be3 130. Bf7 Bf3 131. Bg8 Bd1+ 132. Kb4 Be2 133. Bh7 Bd2+ 134. Kb3
Bd1+ 135. Kb2 Bc3+ 136. Kc1 Bb3 137. Bc2 Bd5 138. Bh7
{Game drawn by the 50 move rule}
1/2-1/2

[Event "ICC tourney 1987 (15 5)"]
[Site "Internet Chess Club"]
[Date "2020.08.30"]
[Round "2"]
[White "IndianTerritory"]
[Black "JMLPS59"]
[Result "1-0"]
[ICCResult "Black checkmated"]
[WhiteElo "1995"]
[BlackElo "957"]
[Opening "Two knights defense"]
[ECO "C57"]
[NIC "KP.01"]
[Time "13:08:45"]
[TimeControl "900+5"]

1. e4 e5 2. Nf3 Nc6 3. Bc4 Nf6 4. Ng5 Bd6 5. Nxf7 Qe7 6. Nxh8 Bc5 7. d3 d6
8. Bg5 h6 9. Bxf6 Qxf6 10. Qh5+ Kd8 11. O-O Nb4 12. Na3 Be6 13. Bxe6 Qxe6
14. Qf5 Qg8 15. Ng6 Qh7 16. Qf8+ Kd7 17. Qxa8 Qxg6 18. Qxb7 Qe6 19. Nb5 d5
20. Qxc7+ Ke8 21. Qxc5 Na6 22. Nc7+ Nxc7 23. Qxc7 dxe4 24. Qxg7 exd3 25.
Qxa7 dxc2 26. Rac1 Qf5 27. Qa8+ Kd7 28. Rfd1+ Ke6 29. Qd5+ Kf6 30. Rxc2 Qxc2
31. Qd6+ Kf5 32. Qd3+ Qxd3 33. Rxd3 e4 34. Rh3 Kg4 35. Rxh6 Kf4 36. Re6 Kf5
37. Rxe4 Kxe4 38. g4 Kf4 39. h3 Kg5 40. b4 Kf4 41. a4 Kf3 42. b5 Kf4 43. b6
Kg5 44. b7 Kh4 45. g5 Kxg5 46. f4+ Kxf4 47. h4 Kg4 48. h5 Kxh5 49. b8=Q Kg5
50. a5 Kf5 51. a6 Ke4 52. a7 Kd4 53. a8=Q Kd3 54. Qc6 Kd2 55. Qd8+ Ke3 56.
Qce8+ Kf4 57. Qf6+ Kg4 58. Qg8+ Kh5 59. Qfh8# {Black checkmated} 1-0

[Event "ICC tourney 1987 (15 5)"]
[Site "Internet Chess Club"]
[Date "2020.08.30"]
[Round "2"]
[White "TjkTiger"]
[Black "town"]
[Result "1-0"]
[ICCResult "Black resigns"]
[WhiteElo "2587"]
[BlackElo "2130"]
[Opening "English: four knights, Nimzovich variation"]
[ECO "A28"]
[NIC "EO.09"]
[Time "13:08:49"]
[TimeControl "900+5"]

1. c4 e5 2. Nc3 Nf6 3. Nf3 Nc6 4. e4 Bc5 5. Nxe5 Nxe5 6. d4 Bb4 7. dxe5 Nxe4
8. Qf3 Nxc3 9. bxc3 Bc5 10. Qg3 Kf8 11. Be2 d6 12. Bf4 Be6 13. Rd1 Qe7 14.
O-O dxe5 15. Bxe5 f6 16. Bxc7 Kf7 17. Rfe1 g6 18. Bf3 Rac8 19. Bd6 Bxd6 20.
Rxd6 Rhe8 21. Rdxe6 Qxe6 22. Rxe6 Kxe6 23. Bxb7 Rxc4 24. Qe3+ Kf7 25. Bd5+
Kf8 26. Qh6+ Ke7 27. Bxc4 Kd6 28. h4 {Black resigns} 1-0